[Event "Early-Titled-Tuesday-Blitz-October-10-2023"]
[Site "Chess.com"]
[Date "2023.10.10"]
[Round "2"]
[White "MightyGMpretender"]
[Black "Lady_Nika"]
[Result "1-0"]
[WhiteElo "2756"]
[BlackElo "2542"]
[TimeControl "180+1"]
[EndTime "8:20:19 PDT"]
[Termination "MightyGMpretender won by resignation"]

1. d4 d5 2. c4 e6 3. Nc3 f5 4. Bf4 Nf6 5. e3 c6 6. Nf3 Bd6 7. Ne5 Qe7 8. Bd3 Nbd7 9. cxd5 exd5 10. Nxd7 Bxd7 11. Bxd6 Qxd6 12. Qf3 Ne4 13. Bxe4 fxe4 14. Qg3 Qe7 15. O-O O-O 16. Rae1 Bf5 17. Kh1 Rf6 18.
f4 Rg6 19. Qf2 h5 20. Ne2 h4 21. h3 Rf8 22. Kh2 Rh6 23. Rg1 Bc8 24. g4 hxg3+ 25. Rxg3 Kh8 26. Qg2 Rf5 27. Rg6 Rfh5 28. Rxh6+ Rxh6 29. Ng1 Qh4 30. Qg3 Qh5 31. Rf1 Rg6 32. Qf2 Bf5 33.
Rc1 Bg4 34. Rf1 Bf5 35. b4 a6 36. a4 Kh7 37. Rb1 Bd7 38. Rb2 Bg4 39. Qf1 Bf5 40.
Rg2 Rxg2+ 41. Kxg2 g5 42. Qf2 g4 43. h4 Kh6 44. Kg3 Qe8 45. Qe1 Qe7 46. Ne2 Kh5 47. Kg2 Qxh4 48. Qxh4+ Kxh4 49. Ng3 Bd7 50. a5 Bc8 51. Ne2 Kh5 52. Kg3 Bf5 53. Ng1 Kg6 54. Ne2 Kf6 55. Kh4 Ke7 56. Ng3 Kf6 57. Kh5 Bc8 58.
Kh6 Ke7 59. Kg5 Kd6 60. f5 Kc7 61. f6 Be6 62. Kg6 b6 63. Kg7 bxa5 64. bxa5 c5 65.
dxc5 Kc6 66. Kf8 Kxc5 67. Ke7 Bg8 68. Kf8 Be6 69. Ke7 Bg8 70. Nf5 d4 71. Nxd4 g3 72. Ne2 g2 73. f7 Bxf7 74. Kxf7 Kc4 75. Ng1 Kc3 76. Ke6 Kd3 77. Kf5 Kxe3 78. Kg4 Kf2 79. Nh3+ Kf1 80. Kf4 Ke2 81. Ng1+ Kf2 82. Nh3+ Ke2 83.
Kxe4 Kd2 84. Kd5 Ke2 85. Ke4 Kd2 86. Ng1 Ke1 87. Ke3 Kf1 88. Nf3 g1=Q+ 89. Nxg1 Kxg1 90.
Kd4 Kf2 91. Kc5 Ke3 92. Kb6 Kd4 93. Kxa6 Kc5 94. Kb7 1-0

[Event "Early-Titled-Tuesday-Blitz-October-10-2023"]
[Site "Chess.com"]
[Date "2023.10.10"]
[Round "2"]
[White "ChessFighter_2011"]
[Black "draksbg"]
[Result "0-1"]
[WhiteElo "2860"]
[BlackElo "2602"]
[TimeControl "180+1"]
[EndTime "8:20:22 PDT"]
[Termination "draksbg won by resignation"]

1. d4 Nf6 2. Nf3 g6 3. Bf4 c5 4. c3 Bg7 5. h3 cxd4 6. cxd4 O-O 7. Nc3 d6 8. e3 b6 9. Be2 Bb7 10. O-O Nbd7 11. Rc1 Rc8 12. a4 Nd5 13. Nxd5 Bxd5 14. Bh2 Rxc1 15. Qxc1 Qa8 16. Qd2 Rc8 17. Rc1 Rxc1+ 18.
Qxc1 Qc6 19. Qxc6 Bxc6 20. Bb5 Nb8 21. Nd2 Kf8 22. Kf1 Ke8 23. Ke2 Kd7 24. Nc4 Kc7 25.
Bxc6 Nxc6 26. Kd3 h5 27. Bf4 Bf6 28. g4 hxg4 29. hxg4 Nb4+ 30. Kd2 Nd5 31. Bg3 Bg7 32. b3 Nf6 33. f3 Nd7 34. Kd3 a6 35. e4 b5 36. axb5 axb5 37. Ne3 e6 38. Nd1 Kc6 39. Nc3 d5 40. Na2 Bf8 41. Be1 Bd6 42. Bb4 Bf4 43. Be7 dxe4+ 44. fxe4 Bd6 45. Bg5 f5 46. gxf5 gxf5 47. e5 Bf8 48. Bd8 Nb6 49. Bxb6 Kxb6 50. Nc3 Kc6 51. Ne2 Bh6 52. Ng3 Bg5 53. Ne2 Bh6 54.
Ng3 Bg5 55. Nh5 Kd5 56. Nf6+ Kc6 57. Nh5 Kd5 58. Nf6+ Kc6 59. b4 Bh4 60. Ng8 Bg5 61. Nf6 Bh4 62. Nh5 Bg5 63. Ng7 Kd5 64. Ne8 Kc6 65.
Nd6 Be7 66. Nf7 Bxb4 67. Ng5 Kd5 68. Nh3 Kc6 69. Nf4 Kd7 70. Ng6 Be7 71. Nf4 Bg5 72. Ne2 Kc6 73. Ng3 Kd5 74. Nh5 b4 75. Ng3 f4 76. Ne4 Be7 77. Nd2 Bf8 78. Nf3 b3 79. Nd2 b2 80. Nb1 Bb4 81. Kc2 Kxd4 82. Kxb2 Kd3 83.
Kb3 Ba5 84. Na3 f3 85. Nc4 Bc7 86. Nb2+ Ke2 0-1

[Event "Early-Titled-Tuesday-Blitz-October-10-2023"]
[Site "Chess.com"]
[Date "2023.10.10"]
[Round "2"]
[White "DawidCzerw"]
[Black "Rodalquilar"]
[Result "1/2-1/2"]
[WhiteElo "2541"]
[BlackElo "2738"]
[TimeControl "180+1"]
[EndTime "8:20:36 PDT"]
[Termination "Game drawn - insufficient material"]

1. e4 d5 2. exd5 Qxd5 3. Nc3 Qa5 4.
Nf3 Nf6 5. Bc4 Nc6 6. O-O Bg4 7.
Re1 O-O-O 8. h3 Bh5 9. Be2 e6 10. d3 Nd5 11. Nxd5 Qxd5 12. Be3 Bc5 13. a3 Bxe3 14.
fxe3 Qc5 15. d4 Qb6 16. c4 Qxb2 17. Rb1 Qxa3 18. Rb3 Qa4 19. Qb1 Bg6 20. Qb2 Na5 21. Ra3 Nxc4 22. Bxc4 Qxc4 23. Rc1 Qd5 24. Rxa7 f6 25.
Rc5 Qe4 26. Qc3 Qb1+ 27. Kh2 Qb6 28. Qa3 Kd7 29. Nd2 Qd6+ 30. Kg1 Qb6 31. Nc4 Qb1+ 32. Kh2 Rc8 33. Qa4+ Ke7 34. Rb5 Qc2 35. Rbxb7 Qxa4 36. Rxa4 Be4 37. Rba7 Bc6 38. R4a5 Bd5 39. Nd2 Kd7 40. e4 Bc6 41. d5 exd5 42. exd5 Ba8 43. Nc4 Rb8 44. d6 Rhc8 45. Ne3 Be4 46. dxc7 Rxc7 47. Rxc7+ Kxc7 48. Ra4 Re8 49. Kg3 Bc6 50. Ra3 Kd6 51. Nf5+ Kc7 52. Rc3 Re5 53. Nd4 Kd6 54. Nxc6 Rg5+ 55.
Kf2 Rf5+ 56. Kg1 Rb5 57. Nd4 Rb1+ 58. Kh2 Rd1 59. Nf3 Ke6 60. Rc2 Rd7 61. Re2+ Kf7 62. Kg3 g6 63. Kf2 Kg7 64. Rd2 Rc7 65. Nd4 Ra7 66. Nc6 Rc7 67. Nd8 Ra7 68. Ne6+ Kf7 69. Nc5 Ra5 70. Rd7+ Ke8 71. Rc7 Ra2+ 72. Kg3 Rc2 73.
Ne6 Rxc7 74. Nxc7+ Kd7 75. Nd5 Ke6 76. Nf4+ Kf5 77. Ne2 h5 78. Kf3 Ke5 79. Nf4 Kf5 80. Nd5 Ke5 81. Ne7 g5 82. Ng8 Kf5 83. Ne7+ Ke6 84.
Nc6 Kf5 85. Nd4+ Ke5 86. Ne2 f5 87. Ke3 f4+ 88. Kf3 Kf5 89. Nd4+ Ke5 90. Nc6+ Kf5 91. Ne7+ Kf6 92. Ng8+ Kg7 93. Ne7 Kf6 94. Nc6 Kf5 95. h4 g4+ 96. Kf2 Ke4 97. Ne7 g3+ 98. Ke2 f3+ 99. gxf3+ Kf4 100. Ng6+ Kf5 101. Ne7+ Kf4 102. Nd5+ Ke5 103. Nc3 Kf4 104. Nd1 g2 105. Kf2 g1=Q+ 106. Kxg1 Kxf3 107. Nc3 Kg3 108. Ne4+ Kxh4 109. Nf6 Kg5 110. Nxh5 1/2-1/2

[Event "Early-Titled-Tuesday-Blitz-October-10-2023"]
[Site "Chess.com"]
[Date "2023.10.10"]
[Round "3"]
[White "NicolaiMaxime"]
[Black "Daniel_Salinas"]
[Result "0-1"]
[WhiteElo "2588"]
[BlackElo "2439"]
[TimeControl "180+1"]
[EndTime "8:23:45 PDT"]
[Termination "Daniel_Salinas won by resignation"]

1. e4 d6 2. d4 Nf6 3. Bd3 e5 4.
d5 c6 5. c4 g6 6. Nc3 Bg7 7.
f3 O-O 8. Be3 a5 9. Qd2 Na6 10.
O-O-O Bd7 11. g4 cxd5 12. exd5 Rc8 13. Kb1 Nb4 14. Be2 b5 15. a3 bxc4 16. axb4 axb4 17. Ne4 Nxe4 18. fxe4 c3 19. Qc2 b3 20. Qxb3 c2+ 21. Kc1 cxd1=Q+ 22. Kxd1 Qa5 23. Bd3 Ba4 0-1

[Event "Early-Titled-Tuesday-Blitz-October-10-2023"]
[Site "Chess.com"]
[Date "2023.10.10"]
[Round "3"]
[White "Cecile-Haussernot"]
[Black "stratacticos"]
[Result "1-0"]
[WhiteElo "2303"]
[BlackElo "1785"]
[TimeControl "180+1"]
[EndTime "8:23:46 PDT"]
[Termination "Cecile-Haussernot won by resignation"]

1. e4 c5 2. Nc3 Nc6 3. g3 g6 4. Bg2 Bg7 5. d3 d6 6. f4 e6 7. Nf3 Nge7 8. O-O O-O 9. g4 f5 10. gxf5 gxf5 11. Qe1 fxe4 12. Nxe4 Nd4 13. Nxd4 Bxd4+ 14. Kh1 Nf5 15. Ng5 h6 16. Nxe6 Bxe6 17. Qxe6+ Kh7 18.
Be4 Qf6 19. Qxf6 Rxf6 20. c3 Kh8 21. Bxf5 Rxf5 22. cxd4 cxd4 23. Bd2 Rc8 24. Rac1 Rfc5 25. Rxc5 dxc5 26. f5 1-0

[Event "Early-Titled-Tuesday-Blitz-October-10-2023"]
[Site "Chess.com"]
[Date "2023.10.10"]
[Round "3"]
[White "Zq1"]
[Black "LaPiToB"]
[Result "1-0"]
[WhiteElo "2512"]
[BlackElo "2289"]
[TimeControl "180+1"]
[EndTime "8:23:57 PDT"]
[Termination "Zq1 won by resignation"]

1. d4 Nf6 2. c4 e6 3. Nc3 Bb4 4. a3 Bxc3+ 5. bxc3 O-O 6. e3 c5 7. Bd3 d6 8. Ne2 Nc6 9. O-O e5 10. e4 b6 11. f3 Ba6 12. Bg5 Na5 13. Ng3 h6 14. Bxf6 Qxf6 15. f4 exd4 16. e5 dxe5 17. Qg4 Bxc4 18. Nh5 1-0

[Event "Early-Titled-Tuesday-Blitz-October-10-2023"]
[Site "Chess.com"]
[Date "2023.10.10"]
[Round "3"]
[White "HajiyevKanan"]
[Black "pirulillo"]
[Result "1-0"]
[WhiteElo "2577"]
[BlackElo "2348"]
[TimeControl "180+1"]
[EndTime "8:23:59 PDT"]
[Termination "HajiyevKanan won by resignation"]

1. d4 Nf6 2. Nf3 g6 3. c4 Bg7 4. g3 O-O 5. Bg2 d6 6. O-O c6 7.
b3 Nbd7 8. Bb2 Qc7 9. Nc3 Re8 10. d5 c5 11. Qc2 a6 12. e4 Ng4 13. Rfe1 Nge5 14. Nd2 h5 15. f4 Ng4 16. h3 Ngf6 17.
Nf3 Rb8 18. e5 Nh7 19. e6 Ndf6 20. exf7+ Kxf7 21. Ng5+ Nxg5 22. fxg5 Nd7 23. Rf1+ Kg8 24.
Qxg6 Ne5 25. Qxe8+ 1-0

[Event "Early-Titled-Tuesday-Blitz-October-10-2023"]
[Site "Chess.com"]
[Date "2023.10.10"]
[Round "3"]
[White "DonJuanEGenaro"]
[Black "BatboldNyamsuren0919"]
[Result "1-0"]
[WhiteElo "1845"]
[BlackElo "2297"]
[TimeControl "180+1"]
[EndTime "8:24:05 PDT"]
[Termination "DonJuanEGenaro won by resignation"]

1. d4 Nf6 2. Nf3 e6 3. g3 b6 4.
Bg2 Bb7 5. O-O Ke7 6. c4 Ke8 7. Nc3 Be7 8. Qc2 d6 9. e4 Nbd7 10. Re1 e5 11. dxe5 Nxe5 12. Nxe5 dxe5 13. Be3 Qc8 14.
Nd5 h6 15. Red1 Nxd5 16. cxd5 Bd6 17. Qd2 Kf8 18. a3 Kg8 19. Rac1 Kh7 20. f4 Re8 21.
Rf1 f6 22. Qe2 Ba6 23. Qh5 Bxf1 24. Rxf1 g6 25. Qh4 Rf8 26. fxe5 Bxe5 27. Qxh6+ Kg8 28. Qxg6+ Kh8 29. Rf5 1-0

[Event "Early-Titled-Tuesday-Blitz-October-10-2023"]
[Site "Chess.com"]
[Date "2023.10.10"]
[Round "3"]
[White "hawes33"]
[Black "Tonychess32"]
[Result "0-1"]
[WhiteElo "2274"]
[BlackElo "2501"]
[TimeControl "180+1"]
[EndTime "8:24:08 PDT"]
[Termination "Tonychess32 won by resignation"]

1. e4 e6 2. Nc3 d5 3. d4 dxe4 4. Nxe4 Nd7 5. Nf3 Ngf6 6. Bd3 Be7 7. Qe2 O-O 8. Nxf6+ Nxf6 9. c3 b6 10. Bg5 Bb7 11. Bxf6 Bxf6 12. O-O-O c5 13. dxc5 Qc7 14. h4 h6 15. Kb1 Qxc5 16. Ng5 Bxg5 17. hxg5 Qxg5 18.
g3 Bxh1 19. Rxh1 Rad8 20. Qe4 g6 21. f4 Qf5 22. Qxf5 exf5 23. Kc2 Kg7 0-1

[Event "Early-Titled-Tuesday-Blitz-October-10-2023"]
[Site "Chess.com"]
[Date "2023.10.10"]
[Round "3"]
[White "MMAHDI2013"]
[Black "marvelavengers4"]
[Result "1-0"]
[WhiteElo "2505"]
[BlackElo "2281"]
[TimeControl "180+1"]
[EndTime "8:24:09 PDT"]
[Termination "MMAHDI2013 won by resignation"]

1. c4 c5 2. Nf3 Nf6 3. b3 Nc6 4. Bb2 e6 5. g3 Be7 6. Bg2 O-O 7. O-O b6 8. d4 Bb7 9. d5 Nd4 10.
Nxd4 cxd4 11. d6 Bxd6 12. Bxb7 Qc7 13. Bxa8 Rxa8 14. Qxd4 e5 15. Qd1 e4 16. Nc3 Be5 17. Nb5 Qc5 18. Bxe5 Qxe5 19. Qd4 Qh5 20. f3 Re8 21.
Nd6 Re6 22. Nxe4 Nxe4 23. fxe4 Rh6 24. Qf2 Rf6 25. Qg2 Re6 26. Rf5 Qg4 27. h3 Qg6 28.
Rd1 d6 29. g4 f6 30. e5 fxe5 31. Qa8+ Re8 32. Qxa7 h5 33. Rxd6 Qxd6 34. Qf7+ Kh7 35.
Rxh5+ Qh6 36. Qxe8 1-0

[Event "Early-Titled-Tuesday-Blitz-October-10-2023"]
[Site "Chess.com"]
[Date "2023.10.10"]
[Round "3"]
[White "Jojo_898"]
[Black "borocotoajua"]
[Result "1-0"]
[WhiteElo "2395"]
[BlackElo "2573"]
[TimeControl "180+1"]
[EndTime "8:24:11 PDT"]
[Termination "Jojo_898 won by checkmate"]

1. e4 c6 2. d4 d5 3. Nc3 dxe4 4. Nxe4 Nd7 5. Nf3 Ngf6 6. Ng3 e6 7. Bd3 c5 8. O-O cxd4 9. Nxd4 Bd6 10. Bc4 Ne5 11. Bb3 O-O 12. Bg5 Be7 13. Re1 Ng6 14. c3 h6 15. Bd2 Bd7 16. Qe2 a6 17. Bc2 Nh8 18. Rad1 Qc7 19. Qd3 Ng4 20. Qh7# 1-0

[Event "Early-Titled-Tuesday-Blitz-October-10-2023"]
[Site "Chess.com"]
[Date "2023.10.10"]
[Round "3"]
[White "carokannlover213"]
[Black "GM4life"]
[Result "1-0"]
[WhiteElo "2729"]
[BlackElo "2489"]
[TimeControl "180+1"]
[EndTime "8:24:35 PDT"]
[Termination "carokannlover213 won by resignation"]

1. Nf3 c6 2. c4 d5 3. e3 Nf6 4. Nc3 g6 5. cxd5 cxd5 6. d4 Bg7 7. Bb5+ Bd7 8. Qb3 O-O 9. Bxd7 Qxd7 10. Ne5 Qd6 11. Qxb7 Nbd7 12. Nxd7 Nxd7 13. Qxd5 Qc7 14. O-O Rfd8 15. Qf3 e5 16. Bd2 exd4 17. exd4 Bxd4 18. Nb5 Qc5 19. Nxd4 Qxd4 20. Bc3 Qc4 21. Rfd1 Rac8 22.
Rxd7 Rxd7 23. Qf6 Kf8 24. Re1 1-0

[Event "Early-Titled-Tuesday-Blitz-October-10-2023"]
[Site "Chess.com"]
[Date "2023.10.10"]
[Round "3"]
[White "Quattroporte300"]
[Black "mary-sanna"]
[Result "1-0"]
[WhiteElo "2383"]
[BlackElo "2139"]
[TimeControl "180+1"]
[EndTime "8:24:55 PDT"]
[Termination "Quattroporte300 won by resignation"]

1. e4 c5 2. Nc3 Nc6 3. g3 g6 4. Bg2 Bg7 5. Nge2 e6 6. O-O Nge7 7. d3 O-O 8. f4 d5 9. e5 Rb8 10. Nb5 Bd7 11. Nd6 Nc8 12. Nb5 a6 13. Nbc3 b5 14. Kh1 b4 15. Na4 Qa5 16. b3 Nd4 17. Nxd4 cxd4 18.
Bb2 Bxa4 19. bxa4 Qxa4 20. Bxd4 Ne7 21. Bc5 Rb7 22. a3 Rc8 23. axb4 Qc6 24. Ra5 Rb5 25. Rxb5 axb5 26. Bxe7 1-0

[Event "Early-Titled-Tuesday-Blitz-October-10-2023"]
[Site "Chess.com"]
[Date "2023.10.10"]
[Round "3"]
[White "zverr1"]
[Black "Mikhail_Bryakin"]
[Result "0-1"]
[WhiteElo "2505"]
[BlackElo "2799"]
[TimeControl "180+1"]
[EndTime "8:24:59 PDT"]
[Termination "Mikhail_Bryakin won by resignation"]

1. d4 g6 2. e4 Bg7 3. Nf3 d6 4. Bc4 c6 5. Qe2 b5 6. Bb3 Nf6 7.
Bg5 O-O 8. e5 dxe5 9. dxe5 Nd5 10.
O-O h6 11. Bh4 Qc7 12. Bxd5 cxd5 13. Nc3 e6 14. Nxb5 Qb6 15. Be7 Re8 16. Nd6 Ba6 17.
Qd2 Rxe7 18. b4 Bxf1 19. Rxf1 Nc6 20. b5 Nxe5 21. Nxe5 Bxe5 22. Qxh6 Qxd6 23. h4 Rc8 24. f4 Bg7 25. Qg5 Rxc2 26. h5 gxh5 27. f5 exf5 28. Qxf5 Rxg2+ 29. Kxg2 Qg6+ 0-1

[Event "Early-Titled-Tuesday-Blitz-October-10-2023"]
[Site "Chess.com"]
[Date "2023.10.10"]
[Round "3"]
[White "Leonid_Starozhilov"]
[Black "lolo9292"]
[Result "1-0"]
[WhiteElo "2731"]
[BlackElo "2157"]
[TimeControl "180+1"]
[EndTime "8:25:05 PDT"]
[Termination "Leonid_Starozhilov won by resignation"]

1. b3 e5 2. Bb2 d6 3. e3 Nf6 4. c4 Be7 5. Nc3 O-O 6. g3 Bg4 7. Be2 Bxe2 8. Ngxe2 c5 9. O-O Nc6 10.
d3 Qd7 11. e4 Bd8 12. f3 Ba5 13. Nd5 Nd4 14. Nxf6+ gxf6 15. Bxd4 cxd4 16. f4 Qg4 17. Kg2 Rfc8 18. fxe5 fxe5 19. Rf5 Bd8 20. Qf1 Rc7 21. h3 Qg6 22. Qf3 a5 23. a4 Rd7 24. Rf1 Bg5 25.
g4 h5 26. gxh5 Qg7 27. Qg4 f6 28. Rxg5 fxg5 29. h6 Qxh6 30. Qxd7 1-0

[Event "Early-Titled-Tuesday-Blitz-October-10-2023"]
[Site "Chess.com"]
[Date "2023.10.10"]
[Round "3"]
[White "Alexander_Donchenko"]
[Black "ilm2034"]
[Result "1-0"]
[WhiteElo "2834"]
[BlackElo "2595"]
[TimeControl "180+1"]
[EndTime "8:25:06 PDT"]
[Termination "Alexander_Donchenko won by resignation"]

1. d4 Nf6 2. c4 e6 3. Nc3 d5 4.
cxd5 exd5 5. Bg5 Be7 6. e3 O-O 7. Bd3 h6 8. Bf4 c5 9. Nf3 Nc6 10. dxc5 Bxc5 11. O-O Bg4 12. h3 Be6 13. Rc1 Rc8 14. Na4 Bd6 15. Bxd6 Qxd6 16. a3 Rfd8 17. Nc5 b6 18. Nb7 Qb8 19. Nxd8 Nxd8 20. Rxc8 Qxc8 21. Nd4 Qd7 22. Bb5 Qd6 23. Qc2 Nb7 24. Rc1 Nc5 25. b4 Nce4 26. Nxe6 fxe6 27. Qc7 a5 28. bxa5 bxa5 29.
Qxd6 Nxd6 30. a4 Nfe4 31. Rc6 Nb7 32. Rxe6 Kf7 33. Ra6 Nec5 34. Ra7 Kf6 35. Bc6 Nd6 36. Rxa5 Nb3 37. Rxd5 Nc4 38. Bb5 Nca5 39. f4 1-0

[Event "Early-Titled-Tuesday-Blitz-October-10-2023"]
[Site "Chess.com"]
[Date "2023.10.10"]
[Round "3"]
[White "DopplerCharlotteDeWitte"]
[Black "kingapolak"]
[Result "1-0"]
[WhiteElo "2743"]
[BlackElo "2054"]
[TimeControl "180+1"]
[EndTime "8:25:09 PDT"]
[Termination "DopplerCharlotteDeWitte won by resignation"]

1. e4 c5 2. Nf3 e6 3. d4 cxd4 4. Nxd4 Nc6 5. Nc3 Qc7 6. Ncb5 Qb8 7. Bd3 Nf6 8. O-O a6 9. Nxc6 bxc6 10. Nc3 Be7 11.
f4 e5 12. Kh1 d6 13. fxe5 dxe5 14. b3 Be6 15. Na4 O-O 16. Be3 Qb7 17. Nc5 Bxc5 18. Bxc5 Rfe8 19. Qe1 Nh5 20. Be3 Qe7 21. Be2 Nf6 22.
Bg5 c5 23. Qh4 Kh8 24. Rxf6 1-0

[Event "Early-Titled-Tuesday-Blitz-October-10-2023"]
[Site "Chess.com"]
[Date "2023.10.10"]
[Round "3"]
[White "crazy_but_lazy"]
[Black "Marcin"]
[Result "1-0"]
[WhiteElo "2624"]
[BlackElo "2448"]
[TimeControl "180+1"]
[EndTime "8:25:09 PDT"]
[Termination "crazy_but_lazy won by resignation"]

1. d4 d5 2. Nf3 Nf6 3. Bf4 c5 4. e3 Nc6 5. Nbd2 Qb6 6. dxc5 Qxb2 7. Rb1 Qc3 8. Bb5 g6 9. O-O Bg7 10. Nb3 O-O 11. Bxc6 bxc6 12. Be5 Qc4 13. Nfd4 Bd7 14.
Qd3 Qa4 15. f3 Rfc8 16. Rb2 Be8 17. Rfb1 Nd7 18. Bxg7 Kxg7 19. e4 e5 20. Ne2 d4 21. c3 dxc3 22. Nxc3 Qa3 23. Qc4 f6 24. Rd2 Rc7 25. Rbd1 a5 26. Qe6 Nxc5 27. Qd6 1-0

[Event "Early-Titled-Tuesday-Blitz-October-10-2023"]
[Site "Chess.com"]
[Date "2023.10.10"]
[Round "3"]
[White "GAusal"]
[Black "GlavkonVVS"]
[Result "0-1"]
[WhiteElo "2290"]
[BlackElo "2557"]
[TimeControl "180+1"]
[EndTime "8:25:09 PDT"]
[Termination "GlavkonVVS won by resignation"]

1. d4 Nf6 2. Nf3 c5 3. e3 e6 4. c3 d5 5. Bd3 Nc6 6. Ne5 Bd6 7. f4 Qc7 8. O-O O-O 9. Qf3 Ne7 10. Qh3 Ne4 11.
Nd2 f5 12. Ndf3 Rf6 13. Qh4 Rh6 14. Qe1 b6 15. h3 Bb7 16. Ng5 Rf6 17. Nxe4 fxe4 18.
Be2 Raf8 19. Kh1 Qc8 20. Bd2 Ba6 21. Bxa6 Qxa6 22. Qg3 Bxe5 23. dxe5 Rg6 24. Qf2 h5 25. g3 Nf5 26. Rg1 Kf7 27. g4 hxg4 28. hxg4 Rh8+ 29. Kg2 Rxg4+ 0-1

[Event "Early-Titled-Tuesday-Blitz-October-10-2023"]
[Site "Chess.com"]
[Date "2023.10.10"]
[Round "3"]
[White "BigAl"]
[Black "PeshkaCh"]
[Result "0-1"]
[WhiteElo "2597"]
[BlackElo "2828"]
[TimeControl "180+1"]
[EndTime "8:25:16 PDT"]
[Termination "PeshkaCh won by resignation"]

1. Nf3 Nf6 2. g3 c5 3. Bg2 g6 4. O-O Bg7 5. d3 d5 6. Nbd2 O-O 7. e3 Nc6 8. e4 Bg4 9. h3 Bxf3 10. Qxf3 dxe4 11.
dxe4 Qc7 12. Qe2 Nd4 13. Qd1 Rad8 14. c3 Nc6 15. f4 e5 16. f5 Bh6 17. Qe2 Nh5 18.
Qf2 Nxg3 19. Qxg3 Bxd2 20. Bxd2 Rxd2 21. Qg5 Qd8 22. f6 Kh8 23. Bf3 Qd3 24. b4 cxb4 25. cxb4 Nd4 26. Bg4 Qg3+ 0-1

[Event "Early-Titled-Tuesday-Blitz-October-10-2023"]
[Site "Chess.com"]
[Date "2023.10.10"]
[Round "3"]
[White "Irina_Mikhaylova"]
[Black "wonderfultime"]
[Result "0-1"]
[WhiteElo "2299"]
[BlackElo "2981"]
[TimeControl "180+1"]
[EndTime "8:25:18 PDT"]
[Termination "wonderfultime won by resignation"]

1. d4 Nf6 2. Nf3 e6 3. c4 d5 4. Nc3 a6 5. a4 dxc4 6. e3 c5 7. Bxc4 Nc6 8. d5 exd5 9. Nxd5 Be6 10. Nxf6+ Qxf6 11. Bxe6 Qxe6 12. O-O Bd6 13. Bd2 O-O 14. Bc3 b5 15. axb5 axb5 16. Qc2 h6 17. h3 Rfc8 18. b3 Bf8 19. Rxa8 Rxa8 20. Ra1 Nb4 21. Qd1 Rxa1 22. Bxa1 c4 23. bxc4 bxc4 24. Bc3 Nd3 25. Ne1 Qf5 26. Nxd3 cxd3 27. g4 Qb5 28. Kg2 Qc6+ 0-1

[Event "Early-Titled-Tuesday-Blitz-October-10-2023"]
[Site "Chess.com"]
[Date "2023.10.10"]
[Round "3"]
[White "WelshTiger"]
[Black "JiiHart"]
[Result "1-0"]
[WhiteElo "2401"]
[BlackElo "2181"]
[TimeControl "180+1"]
[EndTime "8:25:18 PDT"]
[Termination "WelshTiger won by resignation"]

1. d4 d5 2. Nf3 Nf6 3. Bg5 Bg4 4. Nbd2 Nbd7 5. h3 Bf5 6. e3 h6 7.
Bh4 e6 8. Bd3 Bxd3 9. cxd3 c5 10. O-O cxd4 11. Nxd4 a6 12. N2f3 Bd6 13. e4 Qb8 14. Bxf6 Nxf6 15. Re1 Bc7 16. Rc1 O-O 17. Qb3 b5 18. Nc6 Qb7 19. Ne7+ Kh7 20. exd5 Nxd5 21. Nxd5 Qxd5 22. Qxd5 exd5 23. Rxc7 1-0

[Event "Early-Titled-Tuesday-Blitz-October-10-2023"]
[Site "Chess.com"]
[Date "2023.10.10"]
[Round "3"]
[White "SALVA-DALI"]
[Black "RCone"]
[Result "1-0"]
[WhiteElo "2734"]
[BlackElo "2491"]
[TimeControl "180+1"]
[EndTime "8:25:22 PDT"]
[Termination "SALVA-DALI won by checkmate"]

1. e4 d6 2. Nc3 Nf6 3. g3 g6 4. Bg2 Bg7 5. Nge2 O-O 6. O-O e5 7. d3 Nc6 8. h3 h6 9. f4 exf4 10. Nxf4 Bd7 11. Be3 Ne5 12. Kh2 c6 13. Qd2 Qc7 14.
b3 Rad8 15. d4 Neg4+ 16. hxg4 Nxg4+ 17. Kg1 Nxe3 18. Qxe3 b5 19. Nce2 Rde8 20. c3 Qb6 21.
b4 Bg4 22. Bf3 Bc8 23. Kg2 a5 24. a3 Bb7 25. Qf2 Qc7 26. Nd3 a4 27. Nef4 Bc8 28. Rae1 Bd7 29. Rh1 h5 30. Qe2 Qc8 31. Bxh5 gxh5 32.
Qxh5 f6 33. Qh7+ Kf7 34. Qg6+ Kg8 35. Rh7 Re7 36. Reh1 Bh3+ 37. R1xh3 Qxh3+ 38. Nxh3 f5 39. Ng5 Rf6 40. Rh8+ Kxh8 41. Qh7# 1-0

[Event "Early-Titled-Tuesday-Blitz-October-10-2023"]
[Site "Chess.com"]
[Date "2023.10.10"]
[Round "3"]
[White "juancruzarias"]
[Black "kleopl"]
[Result "1-0"]
[WhiteElo "2634"]
[BlackElo "2456"]
[TimeControl "180+1"]
[EndTime "8:25:22 PDT"]
[Termination "juancruzarias won by resignation"]

1. d4 Nf6 2. Nf3 e6 3. e3 c5 4. Bd3 Nc6 5. O-O b6 6. c4 Bb7 7.
Nc3 cxd4 8. exd4 d5 9. cxd5 Nxd5 10. Nxd5 Qxd5 11. Re1 Bb4 12. Be4 Qd7 13. Bd2 Bxd2 14.
Qxd2 O-O 15. Rad1 Ne7 16. Ne5 Qc8 17. Rc1 Bxe4 18. Rxc8 Raxc8 19. Rxe4 Nd5 20. Re1 a5 21. Rc1 Nb4 22. a3 Nd5 23. g3 h5 24. h4 g6 25.
Rc2 Ne7 26. Qc1 Rxc2 27. Qxc2 Rc8 28. Qd2 Nd5 29. Kg2 Kg7 30. Nd3 Rc7 31. Nf4 Nf6 32.
Qe2 Rd7 33. Qe5 Rd8 34. f3 Rd7 35. g4 1-0

[Event "Early-Titled-Tuesday-Blitz-October-10-2023"]
[Site "Chess.com"]
[Date "2023.10.10"]
[Round "3"]
[White "JesseFebruary"]
[Black "carloseduar100"]
[Result "0-1"]
[WhiteElo "2063"]
[BlackElo "2334"]
[TimeControl "180+1"]
[EndTime "8:25:34 PDT"]
[Termination "carloseduar100 won by resignation"]

1. e4 e6 2. d4 d5 3. exd5 exd5 4. Bd3 Bd6 5. Nc3 Ne7 6. Nge2 Nbc6 7. Be3 O-O 8. h4 Re8 9. h5 Bf5 10. Qd2 Bxd3 11.
Qxd3 a6 12. g4 Qd7 13. O-O-O Qxg4 14. h6 g6 15. Rdg1 Qf5 16. Qd2 b5 17. Rg5 Qd7 18.
f4 Nf5 19. Bf2 b4 20. Nxd5 Qe6 21. Ne3 Nxe3 22. f5 Nxf5 23. Nf4 Qe4 24. Nd3 Qxh1+ 0-1

[Event "Early-Titled-Tuesday-Blitz-October-10-2023"]
[Site "Chess.com"]
[Date "2023.10.10"]
[Round "3"]
[White "lacafi"]
[Black "Tssunami"]
[Result "0-1"]
[WhiteElo "2179"]
[BlackElo "2400"]
[TimeControl "180+1"]
[EndTime "8:25:35 PDT"]
[Termination "Tssunami won by resignation"]

1. d4 Nf6 2. Nf3 e6 3. e3 c5 4. Bd3 b6 5. Nbd2 Bb7 6. Qe2 Nc6 7. c3 d5 8. O-O Be7 9. dxc5 Bxc5 10. e4 dxe4 11.
Nxe4 Nxe4 12. Bxe4 Qc7 13. Rd1 h6 14. Bc2 Ne7 15.
Ne5 Bd6 16. Nxf7 Kxf7 17. Qh5+ g6 18. Qg4 Bxh2+ 19. Kh1 Be5 20. Re1 Nf5 21. Be3 Rad8 22. Rad1 Rxd1 23. Rxd1 Rd8 24. Rxd8 Qxd8 25. Bxh6 Qh8 0-1

[Event "Early-Titled-Tuesday-Blitz-October-10-2023"]
[Site "Chess.com"]
[Date "2023.10.10"]
[Round "3"]
[White "Zampronha1971"]
[Black "GMMatamoros"]
[Result "0-1"]
[WhiteElo "2294"]
[BlackElo "2565"]
[TimeControl "180+1"]
[EndTime "8:25:36 PDT"]
[Termination "GMMatamoros won by resignation"]

1. e4 e6 2. d4 d5 3. Nc3 Bb4 4. e5 Ne7 5. Qg4 c5 6. a3 Bxc3+ 7. bxc3 Qa5 8. Bd2 Kf8 9. Bd3 Qa4 10. Ra2 b6 11. Nf3 h6 12. O-O Ba6 13. Bxa6 Qxa6 14. dxc5 bxc5 15. c4 Qxc4 16. Qxc4 dxc4 17. Be3 Nd7 18.
Rd1 Nd5 19. Rb2 Ke7 20. Rb7 Kd8 21. Rdb1 Kc8 22. Kf1 N5b6 0-1

[Event "Early-Titled-Tuesday-Blitz-October-10-2023"]
[Site "Chess.com"]
[Date "2023.10.10"]
[Round "3"]
[White "boasovietica"]
[Black "Msb2"]
[Result "0-1"]
[WhiteElo "2523"]
[BlackElo "3068"]
[TimeControl "180+1"]
[EndTime "8:25:38 PDT"]
[Termination "Msb2 won by resignation"]

1. d4 d5 2. c4 e6 3. Nc3 Bb4 4. cxd5 exd5 5. Nf3 Nf6 6. Bg5 O-O 7. e3 h6 8. Bxf6 Qxf6 9. Bd3 c6 10. O-O Bg4 11.
Be2 Bd6 12. h3 Bh5 13. Nh2 Bxe2 14. Qxe2 Nd7 15. Nf3 Qe6 16. Rab1 f5 17. b4 a6 18. a4 Nf6 19. b5 axb5 20. axb5 Ra3 21. Qc2 Ne4 22.
Rb3 Rxb3 23. Qxb3 f4 24. Nxe4 Qxe4 25. Nd2 Qg6 26. e4 f3 27. Nxf3 Qxe4 28. Re1 Rxf3 29. Qd1 Rd3 30. Qb1 Rb3 31. Qd1 Qd3 32. Qg4 Rb1 33.
Qe6+ Kh7 0-1